 Dungeon Crawl Stone Soup version 0.24.0-123-gd5b16e6ec5 (webtiles) character file.

Game seed: 12893740786933003246, levelgen mode: deterministic

152086 topse86 the Unseen (level 17, -13/146 HPs)
             Began as a Naga Enchanter on Dec 26, 2019.
             Was an Elder of Ru.
             Mangled by a spark wasp (16 damage)
             ... on level 1 of the Depths on Dec 28, 2019.
             The game lasted 05:38:42 (43227 turns).

topse86 the Unseen (Naga Enchanter)                Turns: 43227, Time: 05:38:42

Health: -13/146    AC: 17    Str: 16    XL:     17   Next: 57%
Magic:  25/38      EV: 12    Int: 20    God:    Ru [****..]
Gold:   2534       SH:  8    Dex: 14    Spells: 6/32 levels left

rFire    + + .     SeeInvis +   J - +4 dagger "Hell-Harrower" {venom, rF+ rN+ SInv Stlth+}
rCold    + . .     Gourm    .   U - +2 buckler
rNeg     + . .     Faith    .   H - +5 acid dragon scales
rPois    +         Spirit   .   F - +0 helmet
rElec    .         Reflect  .   Y - scarf {rC+ rF+}
rCorr    +         Harm     .   z - +2 pair of gloves
MR       ++...                  (no barding)
Stlth    +++++++...             o - amulet of inaccuracy
HPRegen  0.34/turn              i - ring of magical power
MPRegen  0.26/turn              x - +5 ring of strength

@: exhausted, swift, no potions, slow
A: large, see invisible, deformed body, poison resistance, slowness 2, slow
metabolism 1, spit poison 1, inability to drink while threatened, inability to
use devices, inability to train armour, constrict 1, AC +5
a: Spit Poison, Draw Out Power, Power Leap, Renounce Religion


You were on level 1 of the Depths.
You worshipped Ru.
Ru was greatly pleased with you.
You were not hungry.

You visited 9 branches of the dungeon, and saw 31 of its levels.
You also visited: Ossuary and Ice Cave.

You collected 3113 gold pieces.
You spent 579 gold pieces at shops.

Inventory:

Hand Weapons
 m - a +7 hunting sling of freezing
 y - the +6 long sword of the Median {flame, Dex+4}
   (You found it on level 5 of the Dungeon)

   It has been specially enchanted to burn those struck by it, causing extra
   injury to most foes and up to half again as much damage against particularly
   susceptible opponents.
   Big, fiery blades are also staple armaments of hydra-hunters.
   It affects your dexterity (+4).
 J - the +4 dagger "Hell-Harrower" (weapon) {venom, rF+ rN+ SInv Stlth+}
   (You bought it in a shop on level 5 of the Dungeon)

   It poisons the flesh of those it strikes.
   It protects you from fire.
   It protects you from negative energy.
   It lets you see invisible.
   It makes you more stealthy.
 W - the +1 falchion of the Evening {protect, +Fly rC+ Str+4 Int+3}
   (You found it on level 10 of the Dungeon)

   It grants its wielder temporary protection when it strikes (+7 to AC).
   It affects your strength (+4).
   It affects your intelligence (+3).
   It protects you from cold.
   It lets you fly.
Missiles
 b - 7 boomerangs
 e - 18 javelins
 l - 212 sling bullets
 r - 720 stones
 t - 3 curare-tipped darts
 v - 115 poisoned darts (quivered)
 X - 15 silver javelins
Armour
 z - a +2 pair of gloves (worn)
 F - a +0 helmet (worn)
 H - +5 acid dragon scales (worn)
 U - a +2 buckler (worn)
 Y - a scarf of resistance (worn)
Magical Staves
 C - an uncursed staff of wizardry
Jewellery
 c - an uncursed ring of protection from cold
 g - an uncursed ring of wizardry
 i - a ring of magical power (left hand)
 n - an uncursed ring of ice
 o - an amulet of inaccuracy (around neck)
 x - a +5 ring of strength (right hand)
 I - a +3 amulet of reflection
 N - an uncursed ring of protection from magic
Scrolls
 f - 5 scrolls of teleportation
 h - a scroll of magic mapping
 j - 12 scrolls of remove curse
 q - 4 scrolls of identify
 w - 4 scrolls of amnesia
 K - 4 scrolls of fog
 M - 3 scrolls of blinking
 O - 7 scrolls of vulnerability
 Q - a scroll of fear
 V - a scroll of summoning
Potions
 k - 2 potions of haste
 u - 2 potions of resistance
 A - 3 potions of cancellation
 B - 4 potions of magic
 D - 5 potions of flight
 E - 2 potions of ambrosia
 G - 3 potions of lignification
 P - 3 potions of might
 S - 3 potions of brilliance
 T - 8 potions of curing
Miscellaneous
 a - a phial of floods
Comestibles
 d - 33 rations


   Skills:
 - Level 7.7 Fighting
 - Level 6.9(8.3) Short Blades
 - Level 7.3(8.6) Long Blades
 - Level 5.4(7.5) Slings
 - Level 8.1(8.9) Throwing
 - Level 6.4 Dodging
 - Level 18.1 Stealth
 - Level 7.5 Shields
 + Level 8.2 Spellcasting
 - Level 15.1 Hexes
 - Level 1.5 Charms
 - Level 5.0 Translocations
 - Level 7.1 Transmutations
 - Level 7.0 Ice Magic
 - Level 1.5 Air Magic


You had 6 spell levels left.
You knew the following spells:

 Your Spells              Type           Power        Failure   Level  Hunger
a - Corona                Hex            ######.      1%          1    None
b - Ensorcelled Hibernat  Hex/Ice        ######       1%          2    None
c - Confuse               Hex            ######..     1%          3    None
d - Tukima's Dance        Hex            ######..     1%          3    None
e - Dazzling Spray        Conj/Hex       #####.       1%          3    None
f - Yara's Violent Unrav  Hex/Tmut       ######....   3%          5    #####..
g - Blink                 Tloc           N/A          2%          2    None
h - Metabolic Englaciati  Hex/Ice        ######....   3%          5    #####..
i - Swiftness             Chrm/Air       ##......     9%          2    None

Your spell library contained the following spells:

 Spells                   Type           Power        Failure   Level  Hunger
 Beastly Appendage        Tmut           #####.       1%          1    None
 Confusing Touch          Hex            ######       1%          1    None
 Freeze                   Ice            ####         1%          1    None
 Sticks to Snakes         Tmut           #####...     1%          2    None
 Inner Flame              Hex/Fire       #####...     1%          3    None
 Shroud of Golubria       Chrm/Tloc      ###...       4%          2    None
 Throw Frost              Conj/Ice       ###...       4%          2    None
 Gell's Gravitas          Tloc           ####......   4%          3    None
 Lesser Beckoning         Tloc           ####......   4%          3    None
 Teleport Other           Tloc           ####....     4%          3    None
 Ozocubu's Armour         Chrm/Ice       ####....     6%          3    None
 Ice Form                 Ice/Tmut       #####...     6%          4    ###....
 Spider Form              Tmut/Pois      ###.......   8%          3    None
 Sting                    Conj/Pois      #...         12%         1    None
 Summon Small Mammal      Summ           #...         12%         1    None
 Poisonous Vapours        Pois/Air       ##....       12%         2    None
 Passage of Golubria      Tloc           N/A          14%         4    ###....
 Blade Hands              Tmut           #####.....   17%         5    #####..
 Petrify                  Tmut/Erth      ###.....     26%         4    ###....
 Summon Ice Beast         Ice/Summ       ###.....     26%         4    ###....
 Throw Icicle             Conj/Ice       ###.....     26%         4    ###....
 Mephitic Cloud           Conj/Pois/Air  ##......     28%         3    None
 Call Canine Familiar     Summ           #.......     34%         3    None
 Hydra Form               Tmut           #####.....   67%         6    ######.
 Ozocubu's Refrigeration  Ice            #####.....   67%         6    ######.
 Olgreb's Toxic Radiance  Pois           #.......     75%         4    ###....
 Sticky Flame             Conj/Fire      #.......     75%         4    ###....
 Aura of Abjuration       Summ           #.........   97%         5    #####..
 Venom Bolt               Conj/Pois      #.........   97%         5    #####..
 Bolt of Cold             Conj/Ice       ###.......   99%         6    ######.
 Freezing Cloud           Conj/Ice/Air   ###.......   99%         6    ######.
 Simulacrum               Ice/Necr       ###.......   99%         6    ######.
 Dragon Form              Tmut           #####.....   99%         7    #######
 Summon Hydra             Summ           #.........   100%        7    #######
 Tornado                  Air            ##........   100%        9    #######


Dungeon Overview and Level Annotations

Branches:
Dungeon (15/15)            Temple (1/1) D:7            Lair (6/6) D:10
 Shoals (3/4) Lair:4       Spider (1/4) Lair:4        Slime (1/5) Lair:5
    Orc (2/2) D:9             Elf (1/3) Orc:2        Vaults (0/5) D:14
 Depths (1/5) D:15        Ossuary (visited)           IceCv (visited)

Altars:
Ashenzari
Cheibriados
Dithmenos
Elyvilon
Fedhas
Gozag
Hepliaklqana
Kikubaaqudgha
Makhleb
Nemelex Xobeh
Okawaru
Qazlal
Ru
Sif Muna
Trog
Uskayaw
Vehumet
Wu Jian
Xom
Yredelemnul
Zin
The Shining One
Jiyva

Shops:
D:4 }[[   D:5 (   D:12 =   D:13 %   Orc:2 *((*   Shoals:2 (

Annotations:
D:5 1 runed translucent door
D:11 exclusion: 2 doors
Lair:1 1 runed translucent door, exclusion: door, Bergy's ghost, journeyman GrFi
Lair:2 1 runed translucent door, Zoobame's ghost, journeyman DEWz
Shoals:3 Ilsuiw


Innate Abilities, Weirdness & Mutations

You cannot wear boots.
Your serpentine skin is tough. (AC +5)
You have supernaturally acute eyesight. (SInv)
Armour fits poorly on your strangely shaped body.
Your system is resistant to poisons. (rPois)
You cover ground very slowly.
You have a slow metabolism.
You can spit poison.
You cannot drink potions while threatened.
You cannot study or use magical devices.
You cannot train Armour skill.
You can use your snake-like lower body to constrict enemies.


Message History

The deep troll earth mage casts a spell next to the deep troll.
Some rock shatters into small pieces.
The spark wasp stings the salamander!
The spark wasp shocks the salamander!
The spark wasp closely misses you. The spark wasp stings you.
The spark wasp shocks you!
You redirect the deep troll earth mage's attack!
You redirect the spark wasp's attack!
The spark wasp begins to attack, but is stunned by your will!
You redirect the spark wasp's attack!
The spark wasp stings you!!
* * * LOW HITPOINT WARNING * * *
The spark wasp shocks you!
* * * LOW HITPOINT WARNING * * *
You focus your will and illuminate the spark wasp in retribution!
There is a staircase back to the Dungeon, spattered with blood here.
The spark wasp begins to attack, but is stunned by your will!
The spark wasp stings you!!
* * * LOW HITPOINT WARNING * * *
The spark wasp shocks you!
You die...

#### ...### #### #
.....###..# ..
#......(.# ...
#....#...# ##..
#........## #....
#.........#
......##.....Ty..#
.......y..NT.TTy@##
.....)C...T..###..#
..###(#.G.#####...#
......# #...#
##.....# ##..#
#..T... ...#
........ ....#
........ ...###
....


You could see 2 spark wasps, a salamander, 3 deep trolls and 2 deep troll earth
magi.

Vanquished Creatures
  Saint Roka (Orc:1)
  Jorgrun (Orc:1)
  Rupert (D:14)
  Agnes (D:15)
  Kirke (D:13)
  A frost giant (IceCv)
  An orc warlord (Orc:2)
  A deep elf demonologist (Elf:1)
  Snorg (Orc:1)
  3 merfolk javelineers
  Josephine (D:13)
  A fire dragon (Lair:6)
  7 hydras
  5 two-headed ogres
  A catoblepas (D:13)
  2 ogre magi (Orc:2)
  2 alligator snapping turtles
  2 centaur warriors (D:14)
  2 anacondas (Lair:5)
  2 merfolk avatars (Shoals:2)
  A merfolk aquamancer (Shoals:2)
  A satyr (Shoals:1)
  A death knight (D:14)
  A tengu warrior (D:12)
  An orc high priest (Orc:1)
  A vampire mage (D:15)
  5 deep elf knights (Elf:1)
  The ghost of soupsoups the Cleaver, a novice HOFi of Beogh (D:9)
  A skeletal warrior (D:15)
  6 sea snakes
  A swamp dragon (Lair:6)
  A deep elf archer (Elf:1)
  2 unseen horrors
  2 deep trolls (Orc:2)
  A lindwurm (Lair:3)
  4 harpies (Shoals:2)
  A necromancer (D:15)
  A stone giant zombie (D:15)
  6 orc knights
  3 orc sorcerers
  17 deep elf magi (Elf:1)
  A frost giant zombie (D:15)
  26 ugly things
  A salamander (shapeshifter) (D:13)
  A wolf spider (Lair:4)
  6 cyclopes
  11 fauns
  5 merfolk sirens
  9 elephants
  5 manticores
  7 black mambas
  A water nymph (Shoals:1)
  6 spiny frogs
  4 gargoyles
  A kobold demonologist (D:11)
  3 rime drakes (Lair:6)
  7 komodo dragons
  A demonic crawler (Lair:4)
  2 freezing wraiths (D:15)
  A guardian mummy (D:15)
  3 tengu conjurers
  4 jumping spiders
  10 merfolk
  16 trolls
  A meliai (shapeshifter) (D:13)
  A hornet (Lair:2)
  3 meliai (D:15)
  4 wind drakes
  26 polar bears
  An ettin zombie (D:15)
  6 hippogriffs
  4 slime creatures
  12 blink frogs
  A raiju (Lair:6)
  4 dream sheep (Shoals:2)
  A spriggan (D:12)
  2 snapping turtles
  A centaur simulacrum (D:14)
  2 vampires
  5 wraiths
  A redback (Lair:4)
  2 dancing weapons
  A tarantella (Lair:4)
  12 wyverns
  2 hogs (D:13)
  9 water elementals
  46 yaks
  7 basilisks
  An elf zombie (D:15)
  15 humans
  4 hungry ghosts
  7 vampire mosquitoes
  A redback simulacrum (D:15)
  Menkaure (Ossuary)
  2 steam dragons (Lair:6)
  Edmund (D:6)
  10 wargs
  4 acid dragons
  17 water moccasins
  13 porcupines
  2 swamp drakes (Lair:6)
  14 hell hounds (Lair:6)
  An ice beast (D:7)
  17 orc warriors
  3 eyes of draining
  2 phantoms
  A sky beast (D:9)
  14 black bears
  44 wolves
  20 ogres
  13 centaurs
  15 crocodiles
  A big kobold (D:11)
  22 bullfrogs
  2 earth elementals (Elf:1)
  A wyvern skeleton (D:13)
  4 scorpions
  6 killer bees
  14 wights
  4 electric eels
  4 howler monkeys
  8 crimson imps
  2 bullfrog zombies
  4 centaur zombies
  3 quasits
  3 bullfrog skeletons
  8 hounds
  3 centaur skeletons
  22 orc priests
  3 jellies
  3 iguanas
  20 orc wizards
  8 worker ants
  A killer bee zombie (D:6)
  A hound skeleton (D:10)
  3 mummies (Ossuary)
  A howler monkey zombie (D:10)
  10 gnolls
  10 adders
  3 shadow imps
  An ooze (D:4)
  A worm (D:3)
  A dart slug (D:1)
  7 leopard geckos
  84 orcs
  3 ball pythons (D:2)
  5 bats
  7 giant cockroaches
  8 goblins
  8 hobgoblins
  2 jackals (D:2)
  6 quokkas
  6 frilled lizards
  2 gnoll skeletons (Ossuary)
  2 gnoll zombies (Ossuary)
  4 goblin skeletons (Ossuary)
  6 goblin zombies
  6 hobgoblin skeletons (Ossuary)
  4 hobgoblin zombies (Ossuary)
  10 kobolds
  3 kobold skeletons (Ossuary)
  4 kobold zombies (Ossuary)
  4 orc skeletons (Ossuary)
  6 orc zombies (Ossuary)
  2 quokka skeletons (D:9)
  A quokka zombie (D:4)
  8 rats
  5 rat skeletons (Ossuary)
  4 rat zombies (Ossuary)
  2 fungi
  A plant (Shoals:3)
989 creatures vanquished.

Vanquished Creatures (collateral kills)
  4 two-headed ogres
  2 deep elf magi (Elf:1)
  A merfolk siren (Shoals:2)
  A merfolk (Shoals:1)
  A human (D:14)
  A yak (D:11)
  4 orc warriors
  8 ogres
  A gnoll sergeant (D:9)
  5 wights
  An orc priest (D:15)
  An orc wizard (D:3)
  11 orcs
41 creatures vanquished.

Vanquished Creatures (others)
  A tengu warrior (D:12)
  A faun (Shoals:2)
  A cyclops (D:14)
  5 polar bears (IceCv)
  23 dancing weapons
  A yak (D:11)
  2 orc warriors
  A wyvern zombie (D:13)
  2 electric eels (D:15)
  An orc skeleton (Ossuary)
  13 fungi
  42 plants
  7 withered plants (D:15)
100 creatures vanquished.

Grand Total: 1130 creatures vanquished

Notes
Turn   | Place    | Note
-------+----------+-------------------------------------------
     0 | D:1      | topse86 the Naga Enchanter began the quest for the Orb.
     0 | D:1      | Reached XP level 1. HP: 15/15 MP: 3/3
   152 | D:1      | Reached XP level 2. HP: 22/22 MP: 5/5
   286 | D:1      | Learned a level 2 spell: Ensorcelled Hibernation
   896 | D:2      | Reached skill level 5 in Stealth
   896 | D:2      | Reached XP level 3. HP: 28/28 MP: 6/6
  1342 | D:2      | Reached skill level 1 in Slings
  1342 | D:2      | Reached XP level 4. HP: 36/36 MP: 7/7
  1368 | D:2      | Learned a level 3 spell: Confuse
  1855 | D:2      | Found an iron altar of Okawaru.
  2249 | D:3      | Reached XP level 5. HP: 38/42 MP: 8/8
  2630 | D:3      | Noticed a troll
  2631 | D:3      | Found a transporter.
  2649 | D:3      | Found a transporter.
  2658 | D:3      | Found a sparkling altar of Nemelex Xobeh.
  2677 | D:3      | Found a hazy altar of Hepliaklqana.
  3051 | D:4      | Found a sand-covered staircase.
  3072 | Ossuary  | Entered an ossuary
  3293 | Ossuary  | Learned a level 3 spell: Tukima's Dance
  3705 | Ossuary  | Reached XP level 6. HP: 49/49 MP: 10/10
  3839 | Ossuary  | Noticed Menkaure
  3852 | Ossuary  | Killed Menkaure
  3852 | Ossuary  | Reached skill level 6 in Stealth
  3852 | Ossuary  | Reached skill level 5 in Hexes
  4054 | D:4      | Found Seabouf's Antique Armour Boutique.
  4079 | D:4      | Found Layge's Gadget Emporium.
  4128 | D:4      | Found a hide-covered altar of Uskayaw.
  4131 | D:4      | Noticed a +0 dagger
  4131 | D:4      | Noticed a +0 dagger
  4134 | D:4      | Found Egguangaer's Antique Armour Emporium.
  4727 | D:5      | Entered Level 5 of the Dungeon
  4748 | D:5      | Reached XP level 7. HP: 55/55 MP: 11/11
  4848 | D:5      | Reached skill level 1 in Throwing
  4965 | D:5      | Got a bloodstained long sword
  4970 | D:5      | Identified the +6 long sword of the Median {flame, Dex+4}
                  | (You found it on level 5 of the Dungeon)
  5012 | D:5      | Found a glowing silver altar of Zin.
  5013 | D:5      | Found a runed translucent door.
  5013 | D:5      | Noticed an angel
  5048 | D:5      | Reached skill level 1 in Ice Magic
  5339 | D:5      | Found Amul's Antique Weapon Emporium.
  5350 | D:5      | Bought a pitted dagger for 203 gold pieces
  5350 | D:5      | Identified the +4 dagger "Hell-Harrower" {venom, rF+ rN+
                  | SInv Stlth+} (You bought it in a shop on level 5 of the
                  | Dungeon)
  5361 | D:5      | Reached skill level 1 in Long Blades
  5429 | D:6      | Noticed Edmund
  5436 | D:6      | Killed Edmund
  5630 | D:6      | Noticed a hippogriff
  5639 | D:6      | Reached XP level 8. HP: 52/62 MP: 12/12
  5777 | D:6      | Killed a hippogriff
  6193 | D:6      | Found a shattered altar of Ashenzari.
  6267 | D:6      | Reached skill level 1 in Fighting
  6303 | D:6      | Reached skill level 1 in Armour
  6338 | D:6      | Found a stormy altar of Qazlal.
  6544 | D:6      | Found a white marble altar of Elyvilon.
  6619 | D:7      | Found a blossoming altar of Fedhas.
  6746 | D:7      | Found a staircase to the Ecumenical Temple.
  6913 | D:7      | Learned a level 3 spell: Dazzling Spray
  7413 | Temple   | Entered the Ecumenical Temple
  7423 | Temple   | Reached XP level 9. HP: 60/74 MP: 12/13
  7495 | Temple   | Became a worshipper of Ru the Awakened
  8246 | D:8      | Found a white marble altar of Elyvilon.
  8338 | D:8      | Reached skill level 7 in Stealth
  8764 | D:8      | Reached skill level 8 in Stealth
  9240 | D:4      | Bought an embroidered cloak for 157 gold pieces
  9407 | D:3      | Killed a troll
  9776 | D:9      | Reached skill level 9 in Stealth
  9906 | D:9      | Gained mutation: You cannot train Armour skill. [Ru
                  | sacrifice]
  9906 | D:9      | Reached * piety under Ru
 10602 | D:8      | Reached XP level 10. HP: 84/84 MP: 16/16
 10684 | D:8      | Reached skill level 10 in Stealth
 10780 | D:9      | Found a glowing golden altar of the Shining One.
 10785 | D:9      | Found a blossoming altar of Fedhas.
 10788 | D:9      | Found an ornate altar of the Wu Jian Council.
 10788 | D:9      | Found a shimmering blue altar of Sif Muna.
 10789 | D:9      | Found a shimmering altar of Xom.
 10791 | D:9      | Found a snail-covered altar of Cheibriados.
 11200 | D:9      | Found a staircase to the Orcish Mines.
 11274 | D:9      | Found an ancient bone altar of Kikubaaqudgha.
 11274 | D:9      | Found a runed translucent door.
 11274 | D:9      | Noticed soupsoups's ghost (novice HOFi)
 11603 | D:10     | Entered Level 10 of the Dungeon
 11875 | D:10     | Noticed a gargoyle
 11909 | D:9      | Killed a gargoyle
 11909 | D:9      | Reached skill level 5 in Spellcasting
 12069 | D:10     | Noticed a gargoyle
 12706 | D:10     | Found a staircase to the Lair.
 12766 | D:10     | Killed a gargoyle
 13143 | D:10     | Reached XP level 11. HP: 67/90 MP: 20/20
 13158 | D:10     | Got a warped falchion
 13159 | D:10     | Identified the +1 falchion of the Evening {protect, +Fly
                  | rC+ Str+4 Int+3} (You found it on level 10 of the Dungeon)
 13315 | D:11     | Learned a level 5 spell: Yara's Violent Unravelling
 13320 | D:11     | Noticed an unseen horror
 13328 | D:11     | Killed an unseen horror
 13328 | D:11     | Reached skill level 10 in Hexes
 13328 | D:11     | Reached skill level 1 in Transmutations
 13888 | D:11     | Noticed a manticore
 13895 | D:11     | Killed a manticore
 14361 | Orc:1    | Entered Level 1 of the Orcish Mines
 14361 | Orc:1    | Noticed an orc knight
 14368 | Orc:1    | Noticed an orc knight
 14656 | Lair:1   | Entered Level 1 of the Lair of Beasts
 14725 | Lair:1   | Found a runed translucent door.
 14730 | Lair:1   | Noticed Bergy's ghost (journeyman GrFi)
 14988 | Lair:1   | Reached skill level 5 in Transmutations
 15794 | Lair:2   | Noticed Zoobame's ghost (journeyman DEWz)
 15795 | Lair:2   | Found a runed translucent door.
 16042 | Lair:2   | Paralysed by a hornet for 1 turns
 16827 | Lair:3   | Reached XP level 12. HP: 97/97 MP: 21/21
 17621 | Lair:4   | Noticed a four-headed hydra
 17774 | Lair:4   | Killed a one-headed hydra
 17979 | Lair:4   | Found a staircase to the Shoals.
 18120 | Lair:4   | Reached skill level 5 in Long Blades
 18404 | Lair:4   | Found a hole to the Spider Nest.
 18443 | Lair:4   | Reached skill level 5 in Fighting
 18492 | Lair:4   | Noticed a four-headed hydra
 18505 | Lair:4   | Killed a one-headed hydra
 18771 | Lair:4   | Identified a scroll of acquirement
 19360 | D:12     | Reached skill level 5 in Short Blades
 19607 | D:12     | Reached skill level 5 in Dodging
 19920 | D:11     | Gained mutation: You cannot drink potions while threatened.
                  | [Ru sacrifice]
 19920 | D:11     | Reached ** piety under Ru
 20025 | D:12     | You fall into a shaft and drop 3 floors!
 20025 | D:15     | Entered Level 15 of the Dungeon
 20057 | D:14     | Found a gate to the Vaults.
 20057 | D:14     | Noticed a centaur warrior
 20057 | D:14     | Noticed Rupert
 20092 | D:13     | Gained mutation: You can use your snake-like lower body to
                  | constrict enemies. [Naga growth]
 20092 | D:13     | Reached XP level 13. HP: 96/111 MP: 22/22
 20555 | D:11     | Reached skill level 1 in Shields
 20820 | D:12     | Reached skill level 11 in Stealth
 20924 | D:12     | Found Boegewni's Jewellery Boutique.
 22001 | D:9      | Killed soupsoups's ghost
 22198 | Orc:2    | Entered Level 2 of the Orcish Mines
 22384 | Orc:2    | Noticed Snorg
 23010 | Lair:5   | Reached skill level 12 in Stealth
 23019 | Lair:5   | Learned a level 2 spell: Blink
 23065 | Lair:5   | Reached skill level 1 in Translocations
 23222 | Lair:5   | Found a staircase to the Slime Pits.
 23222 | Lair:5   | Found a viscous altar of Jiyva.
 23347 | Lair:5   | Reached skill level 5 in Shields
 23563 | Lair:5   | Got a faintly humming chain mail
 23779 | Lair:6   | Entered Level 6 of the Lair of Beasts
 23920 | Lair:6   | Found a frozen archway.
 23964 | IceCv    | Entered an ice cave
 24464 | IceCv    | Reached skill level 5 in Translocations
 24464 | IceCv    | Reached XP level 14. HP: 115/120 MP: 23/23
 24761 | IceCv    | Noticed a frost giant
 25296 | IceCv    | Killed a frost giant
 25947 | Slime:1  | Entered Level 1 of the Pits of Slime
 25947 | Slime:1  | Noticed an acid blob
 26047 | Lair:6   | Identified the Disquisition on the Mutagenic Arsonist (You
                  | acquired it on level 6 of the Lair of Beasts)
 26196 | Lair:6   | Reached skill level 13 in Stealth
 28374 | Lair:6   | Identified Kothriesur's Grimoire of Transformation and
                  | Feathers
 28532 | Lair:6   | Reached skill level 14 in Stealth
 28539 | Lair:6   | Learned a level 5 spell: Metabolic Englaciation
 28788 | Orc:1    | Killed Snorg
 28788 | Orc:1    | Reached XP level 15. HP: 84/127 MP: 5/26
 28910 | Orc:2    | Noticed Jorgrun
 28914 | Orc:2    | Noticed Saint Roka
 29628 | D:13     | Found Fehofeb's Food Boutique.
 29628 | D:13     | Noticed Kirke
 29645 | D:13     | Killed Kirke
 29645 | D:13     | Reached skill level 5 in Ice Magic
 29891 | D:13     | Noticed Josephine
 29916 | D:13     | Killed Josephine
 30306 | D:14     | Killed Rupert
 30325 | D:14     | Reached skill level 15 in Stealth
 31656 | D:15     | Gained mutation: You cannot study or use magical devices.
                  | [Ru sacrifice]
 31656 | D:15     | Reached *** piety under Ru
 31656 | D:15     | Reached **** piety under Ru
 31701 | D:15     | Paralysed by a crimson imp for 5 turns
 32399 | D:15     | Reached skill level 16 in Stealth
 32620 | D:15     | Reached XP level 16. HP: 119/139 MP: 16/27
 32694 | D:15     | Found a staircase to the Depths.
 32711 | D:15     | Reached skill level 5 in Slings
 33311 | D:15     | Noticed Agnes
 33373 | D:15     | Killed Agnes
 34251 | Orc:1    | Reached skill level 17 in Stealth
 34265 | Orc:1    | Killed Jorgrun
 35720 | Orc:1    | Killed Saint Roka
 35810 | Orc:2    | Found Otovef's General Store.
 35811 | Orc:2    | Found Ebecuely's Weapon Shop.
 36014 | Orc:1    | Learned a level 2 spell: Swiftness
 36440 | Orc:2    | Reached skill level 18 in Stealth
 36539 | Orc:2    | Found Qyjihan's Antique Weapon Emporium.
 36547 | Orc:2    | Bought a potion of heal wounds for 75 gold pieces
 36547 | Orc:2    | Bought a scroll of blinking for 112 gold pieces
 36579 | Orc:2    | Found Qieps's Assorted Antiques.
 36587 | Orc:2    | Bought a scroll labeled ISIAMMA CEDYTT for 32 gold pieces
 36703 | Orc:2    | Found a staircase to the Elven Halls.
 37272 | Orc:2    | Reached skill level 15 in Hexes
 38000 | Spider:1 | Entered Level 1 of the Spider Nest
 38490 | Shoals:1 | Entered Level 1 of the Shoals
 38754 | Shoals:1 | Reached skill level 1 in Charms
 38754 | Shoals:1 | Reached skill level 1 in Air Magic
 39374 | Shoals:2 | Reached skill level 5 in Throwing
 39418 | Shoals:2 | Reached XP level 17. HP: 134/146 MP: 28/28
 39454 | Shoals:2 | Found a shimmering altar of Xom.
 40010 | Shoals:2 | Found a hazy altar of Hepliaklqana.
 40575 | Shoals:2 | Found Keogocal's Weapon Emporium.
 40932 | Elf:1    | Entered Level 1 of the Elven Halls
 41216 | Elf:1    | Identified the Almanac of Companions
 42774 | Shoals:3 | Noticed Ilsuiw
 43196 | Depths:1 | Entered Level 1 of the Depths
 43227 | Depths:1 | HP: 3/146 [spark wasp (24)]
 43227 | Depths:1 | Mangled by a spark wasp

Levels and vault maps discovered:
D:1:      saegor_arrival_simple_c, layout_loops_ring
D:2:      kb_forest_paths, layout_basic, okawaru_ov_weapons_minmay
D:3:      layout_loops_ring, nicolae_overflow_crystal_walls,
          gammafunk_temple_overflow_arena
D:4:      layout_gridville, dancing_weapons_uskayaw, first_ration,
          enter_ossuary_4, serial_shops, nicolae_shop_trees,
          kennysheep_mini_moat, nicolae_shop_crystal
D:5:      layout_layer_cave, serial_shops, shop, lemuel_angel_altar
D:6:      layout_gridville, elyvilon_altar_3, marbit_many_paths,
          overflow_temple_1_default, uniq_edmund
D:7:      layout_loops_ring, minmay_temple_entry_statues_fountains, basic_altar
D:8:      layout_basic, basic_altar
D:9:      layout_cross, minitemple, ebering_ghost_reflecting_pool, basic_altar
D:10:     layout_rooms, erik_lair_island
D:11:     layout_irregular_city
D:12:     layout_rooms, serial_shops, nicolae_shop_stone, grunt_pizzeria
D:13:     layout_grid_maze, serial_shops, shop, uniq_kirke, uniq_josephine
D:14:     layout_loops_cross, david_vaults_3, grunt_dithmenos_shadows
D:15:     gammafunk_depths_entry_grave, layout_basic, roderic_lattice_a,
          lemuel_flamethrower_3, uniq_agnes
Temple:   compressed_dpeg_triangle_lava_temple
Lair:1:   layout_layer_cave, ebering_ghost_reflecting_pool
Lair:2:   layout_loops_ring, hellmonk_ghost_happy_afterlife,
          beast_lair_carwin_11
Lair:3:   layout_regular_city, serial_bayou_shore_b
Lair:4:   layout_regular_city, minmay_shoals_entry_centaurs,
          spider_nest_entry_rubble, grunt_forest_small_clearing_treed
Lair:5:   beast_lair_carwin_large_3, layout_misc_corridors, slime_altar_1,
          minivault_27, infiniplex_staircase_pool
Lair:6:   guppyfry_lair_end_dragon, layout_concentric_octagons,
          hangedman_lair_caniforms_friends,
          portal_ice_cave_entry_animals_and_master
Shoals:1: layout_shoals
Shoals:2: layout_shoals, serial_shops,
          nicolae_shop_temple_entry_statues_fountains, hangedman_feature_mirror,
          nicolae_shoals_dead_sea_scrolls
Shoals:3: layout_shoals, uniq_ilsuiw
Spider:1: layout_spider_delve, drop_trap
Slime:1:  layout_caves
Orc:1:    layout_caves
Orc:2:    st_orc_open, layout_diamond_mine, uniq_saint_roka, uniq_jorgrun,
          uniq_snorg
Elf:1:    minmay_elf_arrival_plus, layout_onion_city, minmay_elf_demonology,
          corner_web_ring
Depths:1: layout_cave_pools, hangedman_coc_ice_floe, gammafunk_ghost_ooze,
          kennysheep_diamond, grunt_absolute_annihilation, uniq_asterion,
          uniq_aizul

Skill      XL: |  1  2  3  4  5  6  7  8  9 10 11 12 13 14 15 16 17 |
---------------+----------------------------------------------------+-----
Stealth        | 5 6 9 10 12 14 16 18 | 18.1
Slings         | 1 2 3 4 5 |  5.4
Hexes          | 4 5 6 9 11 12 13 15 | 15.1
Spellcasting   | 3 4 6 7 8 |  8.2
Throwing       | 1 2 4 5 8 |  8.1
Ice Magic      | 1 2 3 7 |  7.0
Long Blades    | 2 3 4 6 7 |  7.3
Fighting       | 2 3 5 6 7 |  7.7
Dodging        | 3 5 6 |  6.4
Armour         | 2 0 |  0.0
Short Blades   | 3 5 6 |  6.9
Transmutations | 6 7 |  7.1
Shields        | 6 7 |  7.5
Translocations | 5 |  5.0
Charms         | 1 |  1.5
Air Magic      | 1 |  1.5

Action                   |  1- 3 |  4- 6 |  7- 9 | 10-12 | 13-15 | 16-18 || total
-------------------------+-------+-------+-------+-------+-------+-------++-------
Melee: Dagger            |    25 |   112 |    66 |   284 |   836 |   580 ||  1903
       Long sword        |       |       |    85 |    76 |   139 |   142 ||   442
       Falchion          |       |       |       |    29 |   149 |     6 ||   184
       Constrict         |       |       |       |       |   175 |   146 ||   321
 Fire: Hunting sling     |    12 |   142 |    88 |   112 |   133 |   201 ||   688
Throw: Javelin           |     2 |       |       |       |     1 |     7 ||    10
       Dart              |       |     3 |    14 |    22 |    38 |    32 ||   109
       Boomerang         |       |       |       |     1 |       |       ||     1
 Cast: Corona            |     6 |     4 |       |     1 |       |       ||    11
       Ensorcelled Hiber |     7 |    30 |    35 |   128 |   212 |    24 ||   436
       Confuse           |       |    35 |    63 |   107 |   296 |   201 ||   702
       Tukima's Dance    |       |     4 |    33 |     8 |    33 |    61 ||   139
       Yara's Violent Un |       |       |       |     2 |     2 |     2 ||     6
       Dazzling Spray    |       |       |       |       |    15 |    27 ||    42
       Blink             |       |       |       |       |     8 |    33 ||    41
       Metabolic Englaci |       |       |       |       |     3 |     3 ||     6
       Swiftness         |       |       |       |       |       |     3 ||     3
Invok: Sacrifice Durabil |       |       |     1 |       |       |       ||     1
       Reject Sacrifices |       |       |       |     1 |     1 |     1 ||     3
       Sacrifice Drink   |       |       |       |     1 |       |       ||     1
       Power Leap        |       |       |       |       |     1 |     3 ||     4
       Sacrifice Artific |       |       |       |       |     1 |       ||     1
       Draw Out Power    |       |       |       |       |       |     1 ||     1
 Abil: Spit Poison       |    15 |    18 |    18 |    24 |    33 |    35 ||   143
Evoke: Wand              |       |       |    15 |    19 |    13 |       ||    47
       Phial of floods   |       |       |       |       |     1 |       ||     1
  Use: Potion            |     2 |       |     8 |     2 |     8 |    10 ||    30
       Scroll            |       |    14 |    11 |     8 |    13 |    20 ||    66
 Stab: Sleeping          |     9 |    24 |    25 |    91 |   141 |    29 ||   319
       Confused          |       |     8 |    19 |    48 |   156 |    77 ||   308
       Distracted        |       |       |     1 |     2 |     4 |     5 ||    12
       Invisible         |       |       |       |       |     6 |     3 ||     9
       Paralysed         |       |       |       |       |     2 |       ||     2
  Eat: Chunk             |     2 |    25 |    28 |    25 |    25 |    18 ||   123
       Ration            |       |       |       |     1 |     4 |     4 ||     9
Armor: Robe              |     7 |    11 |    15 |       |       |       ||    33
       Leather armour    |       |       |    35 |   138 |   171 |       ||   344
       Skin              |       |       |    58 |     5 |       |       ||    63
       Acid dragon scale |       |       |       |       |   105 |   165 ||   270
Dodge: Dodged            |    15 |    68 |   130 |   199 |   487 |   290 ||  1189
Block: Other             |       |       |       |    28 |     2 |       ||    30
       Reflection        |       |       |       |     1 |    10 |    25 ||    36
       Buckler           |       |       |       |       |   360 |   310 ||   670
       Rpst.: Long sword |       |       |    13 |    16 |    20 |    12 ||    61
       Falchion          |       |       |       |     4 |    16 |     1 ||    21
